Map: Simulacrum LE

Players

Maru - Winner!

  • Race: Terran Terran
  • League: Grandmaster
  • Spawn Location: 5:00

Astrea

  • Race: Protoss Protoss
  • League: Grandmaster
  • Spawn Location: 11:00

VOD

Have the link to the VOD?

Description

Time

  • Played on: Jan. 7, 2020, 6:13 p.m.
  • Length: 7:55
Show
View Real Time Build Order
Export as new Build Order

Maru Terran - Winner!

Build Orders: Reaper Expand 

Get SALT Encoding   

  12  0:00  SCV  
  13  0:12  SCV  
  14  0:17  Supply Depot  
  14  0:25  SCV  
  15  0:38  SCV  
  15  0:40  Barracks  
  16  0:43  Refinery  
  16  0:50  SCV  
  17  1:02  SCV  
  18  1:15  SCV  
  19  1:27  Orbital Command, Reaper  
  20  1:42  Command Center  
  20  1:50  Supply Depot  
  20  1:52  SCV  
  21  1:59  Marine  
  22  2:05  SCV  
  22  2:08  Factory  
  23  2:17  SCV, Bunker  
  23  2:21  Barracks Reactor  
  24  2:25  Refinery  
  24  2:29  SCV  
  25  2:41  SCV  
  26  2:53  SCV  
  26  2:55  Starport  
  26  2:57  Orbital Command  
  27  2:59  Marine x2  
  27  3:04  Widow Mine  
  31  3:05  SCV  
  32  3:18  Marine x2, Supply Depot  
  34  3:22  SCV  
  34  3:23  SCV  
  34  3:26  Widow Mine  
  38  3:31  Viking  
  40  3:34  SCV  
  40  3:35  SCV  
  40  3:36  Marine x2  
  40  3:40  Supply Depot  
  44  3:46  SCV  
  44  3:47  SCV  
  46  3:53  Factory Tech Lab  
  46  3:56  Barracks  
  46  3:58  SCV  
  46  4:02  Marine x2  
  47  4:03  Starport Tech Lab  
  47  4:04  SCV  
  49  4:10  SCV  
  49  4:12  Siege Tank  
  49  4:14  Engineering Bay  
  49  4:16  SCV  
  54  4:21  Marine, Supply Depot  
  54  4:22  Marine, SCV  
  57  4:28  SCV  
  57  4:31  Barracks  
  58  4:34  SCV  
  59  4:41  Marine x2, Terran Infantry Weapons Level 1  
  59  4:44  SCV, Supply Depot  
  62  4:47  SCV  
  62  4:49  Refinery  
  63  4:54  Marine  
  63  4:55  Stimpack  
  63  4:59  Marine x2  
  66  5:00  SCV x2  
  66  5:03  Supply Depot, Missile Turret  
  67  5:12  SCV x2  
  68  5:17  Factory Reactor, Starport Reactor  
  68  5:24  Marine, SCV x2, Marauder  
  68  5:25  Marine, Marauder  
  76  5:30  Missile Turret  
  76  5:35  Supply Depot  
  76  5:36  SCV x2, Combat Shield  
  78  5:44  Marine  
  78  5:46  Marine, Marauder x2  
  78  5:48  SCV  
  85  5:51  Supply Depot  
  85  5:57  Medivac x2  
  85  5:59  Supply Depot  
  85  6:00  Widow Mine x2  
  93  6:09  Marine  
  94  6:12  Marine  
  94  6:13  Marauder x2  
  99  6:24  Widow Mine x2  
  99  6:25  Supply Depot  
  103  6:27  Marine  
  103  6:30  Marine  
  105  6:34  Marauder x2  
  105  6:38  Concussive Shells  
  109  6:41  Supply Depot  
  109  6:45  Marine  
  109  6:46  Medivac  
  112  6:48  Marine, Widow Mine x2  
  115  6:55  Marine, Marauder  
  114  7:03  Marine  
  114  7:07  SCV  
  116  7:10  Bunker  
  116  7:14  Marauder  
  104  7:17  Marauder  
  104  7:20  SCV  
  97  7:25  Medivac  
  98  7:31  SCV  
  99  7:37  Missile Turret  
  99  7:39  Missile Turret  
Show
View Real Time Build Order
Export as new Build Order

Astrea Protoss 

Build Orders: 1 Gate Expand, Phoenix Opening, Zealot Archon 

Get SALT Encoding   

  12  0:00  Probe  
  13  0:12  Probe  
  14  0:17  Pylon  
  14  0:24  Probe (Chrono Boost)  
  16  0:36  Gateway  
  16  0:37  Probe (Chrono Boost)  
  16  0:42  Probe (Chrono Boost)  
  16  0:45  Assimilator  
  17  0:51  Probe  
  18  1:03  Probe  
  19  1:15  Probe  
  20  1:23  Nexus  
  20  1:34  Cybernetics Core  
  20  1:36  Probe  
  21  1:43  Assimilator  
  21  1:48  Probe  
  21  1:53  Pylon  
  22  2:00  Probe  
  23  2:08  Probe, Adept (Chrono Boost)  
  26  2:16  Probe  
  26  2:17  Stargate  
  27  2:23  Warp Gate  
  27  2:27  Probe  
  28  2:33  Adept (Chrono Boost)  
  29  2:38  Probe  
  29  2:43  Probe  
  31  2:50  Probe  
  32  2:55  Probe  
  35  3:02  Probe  
  36  3:06  Phoenix (Chrono Boost)  
  36  3:07  Probe  
  39  3:14  Probe  
  39  3:19  Probe  
  41  3:20  Pylon  
  41  3:23  Phoenix (Chrono Boost)  
  41  3:26  Probe  
  42  3:31  Probe  
  43  3:38  Probe  
  44  3:43  Probe  
  44  3:44  Gateway  
  44  3:45  Gateway  
  44  3:46  Phoenix  
  47  3:52  Pylon  
  47  3:53  Probe  
  48  3:57  Probe  
  49  4:07  Probe  
  49  4:09  Probe  
  51  4:11  Phoenix  
  51  4:16  Nexus  
  53  4:19  Pylon  
  53  4:21  Probe  
  54  4:25  Probe  
  55  4:33  Assimilator  
  55  4:35  Assimilator  
  55  4:36  Probe  
  55  4:37  Probe  
  57  4:38  Forge  
  57  4:41  Phoenix  
  59  4:48  Probe  
  59  4:50  Twilight Council  
  59  4:52  Pylon  
  60  4:54  Sentry  
  60  4:57  Probe  
  63  5:00  Probe  
  63  5:03  Pylon  
  64  5:08  Protoss Ground Armor Level 1 (Chrono Boost)  
  64  5:10  Probe  
  64  5:12  Probe  
  66  5:15  Phoenix  
  68  5:25  Probe x2, Charge (Chrono Boost)  
  70  5:30  Gateway  
  70  5:32  Gateway  
  70  5:33  Gateway  
  70  5:35  Gateway  
  70  5:39  Gateway  
  70  5:45  Probe (Chrono Boost), Templar Archives  
  70  5:46  Probe (Chrono Boost)  
  70  5:48  Probe (Chrono Boost)  
  73  5:51  Sentry  
  78  5:57  Probe x2 (Chrono Boost)  
  78  5:58  Probe (Chrono Boost)  
  78  6:01  Probe (Chrono Boost)  
  78  6:02  Probe (Chrono Boost)  
  78  6:03  Probe (Chrono Boost)  
  80  6:05  Pylon  
  80  6:08  Zealot x2  
  85  6:11  Probe  
  85  6:12  Probe  
  85  6:14  Probe  
  88  6:22  Phoenix  
  88  6:23  Probe, Zealot  
  88  6:25  Probe  
  90  6:26  Pylon  
  90  6:28  High Templar x2  
  90  6:29  Zealot x2  
  98  6:33  Archon, Zealot x2  
  98  6:34  Zealot  
  104  6:45  Photon Cannon  
  104  6:47  Shield Battery x2  
  104  6:48  Shield Battery  
  104  6:51  Zealot x3  
  110  6:55  Shield Battery  
  110  6:59  Phoenix  
  110  7:01  Zealot x2  
  94  7:15  Zealot  
  94  7:16  Zealot x5  
  94  7:18  Phoenix  
  94  7:21  Zealot x2  
  85  7:33  Zealot  
  85  7:34  Zealot x2  
  85  7:36  Zealot x3  
Tags
 
Add a new tag
Caveats
  • Supply blocks, unpowered buildings, or Contaminate may cause inaccurate times.
  • Supply counts are checked every 10 seconds.